 Dungeon Crawl Stone Soup version 0.19-a0-1732-g0b18a7b (webtiles) character file.

10 ololoev the Chiller (level 2, -1/19 HPs)
             Began as a Demonspawn Ice Elementalist on Sept 30, 2016.
             Slain by a goblin
             ... wielding a +0 dagger
              (3 damage)
             ... on level 1 of the Dungeon.
             The game lasted 00:04:26 (352 turns).

ololoev the Chiller (Demonspawn Ice Elementalist)    Turns: 352, Time: 00:04:27

Health: -1/19      AC:  2    Str:  8    XL:     2   Next: 10%
Magic:  5/5        EV: 12    Int: 16    God:
Gold:   0          SH:  0    Dex: 13    Spells: 1 memorised, 4 levels left

rFire  . . .     SeeInvis .     e - +0 dagger
rCold  . . .     Gourm    .     a - +0 robe
rNeg   . . .     Faith    .     (no shield)
rPois  .         Spirit   .     (no helmet)
rElec  .         Dismiss  .     (no cloak)
rCorr  .         Reflect  .     (no gloves)
MR     .....     Harm     .     (no boots)
Stlth  ++........               (no amulet)
                                (no ring)
                                (no ring)

@: no status effects
A: claws 1
a: no special abilities


Innate Abilities, Weirdness & Mutations

You have sharp fingernails.

Inventory:

Hand Weapons
 e - a +0 dagger (weapon)
Armour
 a - a +0 robe (worn)
Books
 b - a book of Frost

   Spells                             Type                      Level
   a - Freeze                         Ice                          1
   b - Throw Frost                    Conjuration/Ice              2
   c - Ozocubu's Armour               Charms/Ice                   3
   d - Throw Icicle                   Conjuration/Ice              4
   e - Summon Ice Beast               Ice/Summoning                4
Comestibles
 c - a bread ration
 d - 3 fruits


   Skills:
 + Level 0.0 Fighting
 - Level 1.7 Dodging
 - Level 1.7 Stealth
 * Level 0.1 Unarmed Combat
 + Level 2.2 Spellcasting
   Level 1.0 Conjurations
 - Level 3.1 Ice Magic


You had 4 spell levels left.
You knew the following spells:

 Your Spells              Type           Power        Failure   Level  Hunger
a - Freeze                Ice            ##..         8%          1    #......


You were on level 1 of the Dungeon.
You were not hungry.

You visited 1 branch of the dungeon, and saw 1 of its levels.

#.......##..###.<##.
#......###..###.##..
##......###...##.....
#......##........##....###### .
#......##........###....####. ..
#......##........# ##........ .r.
.......##........## ####.....
..#.##.....#....>..(..# ######
......#....#....@†....### ###
.........>......g###....# #..
.#...†..........####.#.## #..
#..................##.#..######..
#......................(....##...
#..###...†..)...#.##..#..........
.. ##........##.##..#†##...##.. .
##......###.##..#.#######..
######## #.##..#.....# #..

Notes
Turn   | Place    | Note
-------+----------+-------------------------------------------
     0 | D:1      | ololoev the Demonspawn Ice Elementalist began the quest for the Orb.
     0 | D:1      | Reached XP level 1. HP: 13/13 MP: 3/3
     0 | D:1      | ololoev: зачем?
     0 | D:1      | Goblin1989: ну емае
     0 | D:1      | ololoev: !lg . spfe
     0 | D:1      | beem: No games for ololoev (spfe).
     0 | D:1      | ololoev: !lg . ddfe
     0 | D:1      | beem: No games for ololoev (ddfe).
     0 | D:1      | ololoev: ddfe мне интересно попробовать
     0 | D:1      | ololoev: это навреное круто
    21 | D:1      | Goblin1989: не
    64 | D:1      | Goblin1989: SpFE
    64 | D:1      | ololoev: в чем прикол SpFE?
    64 | D:1      | Goblin1989: веселее будет
    64 | D:1      | ololoev: FE, за которого невозможно умереть?
    64 | D:1      | ololoev: скучно
   204 | D:1      | Reached skill level 3 in Ice Magic
   283 | D:1      | Gained mutation: You have sharp fingernails. [demonic ancestry]
   283 | D:1      | Reached XP level 2. HP: 7/19 MP: 1/5
   284 | D:1      | ololoev: монстроус
   284 | D:1      | ololoev: :(
   284 | D:1      | ololoev: почему сейчас?
   284 | D:1      | Goblin1989: нее
   285 | D:1      | Goblin1989: ты выиграй им сперва попробуй
   285 | D:1      | Goblin1989: умрешь еще в лэйере
   285 | D:1      | ololoev: лол а что ж делать то?
   285 | D:1      | ololoev: это десентчар
   285 | D:1      | ololoev: не ^qyes же
   305 | D:1      | Goblin1989: эт вам кажется только что они легкие
   308 | D:1      | ololoev: кто легкий?
   335 | D:1      | Goblin1989: да эти гребаные монстроузы
   344 | D:1      | ololoev: падла
   344 | D:1      | ololoev: падлавил!
   344 | D:1      | ololoev: монструозы не легкие, они скучные
   344 | D:1      | ololoev: тем то муток много разных и прикольных не будет
   344 | D:1      | Goblin1989: ну
   352 | D:1      | Slain by a goblin

Dungeon Overview and Level Annotations

Branches:
Dungeon (1/15)

Altars:


Message History

Confirm with . or Enter, or press ? or * to list all spells.
Aiming: Freeze
Press: ? - help, Shift-Dir - straight line, f - jackal, p - jackal
Aim: a jackal You freeze the jackal.
The jackal is heavily wounded.
The jackal bites you but does no damage.
The jackal bites you.
The jackal bites you but does no damage.
A goblin comes into view. It is wielding a dagger.
The jackal bites you but does no damage.
You see here a kobold corpse.
The goblin shouts!
Casting: Freeze
Confirm with . or Enter, or press ? or * to list all spells.
Aiming: Freeze
Press: ? - help, Shift-Dir - straight line, f/p - jackal
Aim: a jackal (moderately wounded)
You freeze the jackal.
You kill the jackal!
The jackal barely misses you. The jackal closely misses you.
The jackal barely misses you.
You see here a dagger.
e - a dagger The jackal bites you but does no damage.
The jackal misses you. The jackal barely misses you.
Wield which item (- for none, * to show all)? (? for menu, Esc to quit)
e - a +0 dagger (weapon)
You closely miss the jackal.
The jackal is almost dead.
The jackal misses you. The jackal closely misses you.
You hit the jackal.
The jackal is almost dead.
The jackal closely misses you.
You hit the jackal but do no damage.
The jackal is almost dead.
The jackal bites you. The jackal barely misses you.
You hit the jackal but do no damage.
The jackal is almost dead.
The jackal bites you.
You closely miss the jackal.
The jackal is almost dead.
The jackal bites you but does no damage.
You hit the jackal.
You kill the jackal!
You have reached level 2!
You feel monstrous as your demonic heritage exerts itself.
Your demonic ancestry asserts itself...
Your fingernails lengthen.
The jackal bites you.
Casting: Freeze
Confirm with . or Enter, or press ? or * to list all spells.
Aiming: Freeze
Press: ? - help, Shift-Dir - straight line, f - jackal
Aim: a jackal You freeze the jackal.
The jackal is moderately wounded.
The jackal bites you but does no damage.
You hit the jackal but do no damage.
The jackal is moderately wounded.
The jackal bites you. The jackal closely misses you.
The jackal bites you but does no damage.
Casting: Freeze
Confirm with . or Enter, or press ? or * to list all spells.
Aiming: Freeze
Press: ? - help, Shift-Dir - straight line, f/p - jackal
Aim: a jackal (moderately wounded)
You freeze the jackal.
You kill the jackal!
Things that are here:
a jackal corpse; a kobold corpse The goblin hits you but does no damage.
The goblin hits you with a dagger.
A jackal comes into view.
You see here a jackal corpse.
The goblin hits you with a dagger.
You die...

You could see a goblin.

Vanquished Creatures
  A ball python (D:1)
  2 goblins (D:1)
  3 jackals (D:1)
  A bat (D:1)
  A kobold (D:1)
  2 rats (D:1)
10 creatures vanquished.

Action                   || total
-------------------------++-------
Melee: Dagger            ||     7
       Unarmed           ||     4
 Cast: Freeze            ||    15
Armor: Robe              ||    12
Dodge: Dodged            ||    21

Vault maps used:
D:1:      dpeg_arrival_snail, minmay_pentomino_s2
